[Event "Live Chess"]
[Site "Chess.com"]
[Date "2023.05.20"]
[Round "-"]
[White "BostonStrangler"]
[Black "EdenHazard8"]
[Result "0-1"]
[WhiteElo "2045"]
[BlackElo "2056"]
[TimeControl "300"]
[EndTime "14:30:19 PDT"]
[Termination "EdenHazard8 won by resignation"]

1. Nf3 e6 2. g3 f5 3. Bg2 Nf6 4. O-O Be7 5. d3 O-O 6. Nbd2 Nc6 7. e4 d6 8. a4 e5 9. exf5 Bxf5 10. a5 Qe8 11. a6 Qh5 12. axb7 Rab8 13. Nh4 Bg4 14.
f3 Bd7 15. f4 Ng4 16. h3 Bxh4 17. hxg4 Bxg4 18. Bf3 Bxg3 0-1

[Event "Live Chess"]
[Site "Chess.com"]
[Date "2023.05.20"]
[Round "-"]
[White "Long1968"]
[Black "Rusty_Bridges"]
[Result "0-1"]
[WhiteElo "1175"]
[BlackElo "1433"]
[TimeControl "300"]
[EndTime "14:30:20 PDT"]
[Termination "Rusty_Bridges won on time"]

1. e4 d6 2. d4 Nf6 3. Nc3 Nbd7 4. Bc4 e5 5. d5 a6 6. a4 Nc5 7. Qe2 Be7 8. Bg5 h6 9. Bxf6 Bxf6 10. f3 Bh4+ 11.
g3 Bg5 12. h4 Be7 13. Nh3 Bxh3 14. Rxh3 Qd7 15. Rh2 b6 16. b4 Nb7 17. b5 a5 18.
O-O-O Nc5 19. Kb2 g5 20. hxg5 Bxg5 21. Rdh1 O-O-O 22. Na2 f5 23. Qe1 fxe4 24. fxe4 Qh7 0-1

[Event "Live Chess"]
[Site "Chess.com"]
[Date "2023.05.20"]
[Round "-"]
[White "fso"]
[Black "xx_blindpuffin_xx"]
[Result "0-1"]
[WhiteElo "2238"]
[BlackElo "2194"]
[TimeControl "300"]
[EndTime "14:30:26 PDT"]
[Termination "xx_blindpuffin_xx won on time"]

1. e4 c6 2. d4 d5 3. Nd2 dxe4 4.
Nxe4 Bf5 5. Qe2 e6 6. Nf3 Nf6 7.
Nxf6+ gxf6 8. c3 Nd7 9. Nh4 Bg6 10. Nxg6 hxg6 11. h3 Bd6 12. Be3 Qc7 13. O-O-O O-O-O 14. Kb1 Kb8 15. g3 f5 16. Bg2 f4 17. gxf4 Bxf4 18.
Qf3 Bxe3 19. fxe3 Nb6 20. e4 Nc4 21. Rhf1 f5 22. e5 g5 23. Qe2 Nb6 24. Qd2 Nd5 25. Qxg5 Rdg8 26. Qd2 Qh7 27. Bxd5 cxd5 28. Rh1 f4+ 29. Qd3 Qh4 30. Rdf1 Rg3 31. Qd2 f3 32. Qd1 Qe4+ 33. Ka1 Rgxh3 34. Rxh3 Rxh3 35. a3 a6 36. Qa4 Qe2 37. Qd1 Qe3 38. Qe1 Qd3 39. Qb1 Qe2 40.
Qe1 Qg2 41. Rf2 Qg3 42. Qf1 Ka7 43. Ka2 Kb8 44. Rd2 Rh4 45. Qf2 Qg4 46. Qe3 Rh3 47. Rf2 Rg3 48. Qh6 Qf5 49. Qh8+ Ka7 50. Qd8 Rg1 51. Qd6 Qb1+ 52. Kb3 Qf5 53. Qb4 Rg2 54.
Qc5+ Kb8 55. Qd6+ Ka7 56. Qc5+ Kb8 57. Qd6+ Kc8 58. Qc5+ Kd8 59. Qb6+ Ke8 60. Rxg2 fxg2 0-1

[Event "Live Chess"]
[Site "Chess.com"]
[Date "2023.05.20"]
[Round "-"]
[White "Jeffaroow"]
[Black "MaharerotheMagnificent"]
[Result "0-1"]
[WhiteElo "505"]
[BlackElo "1487"]
[TimeControl "300"]
[EndTime "14:30:39 PDT"]
[Termination "MaharerotheMagnificent won by resignation"]

1. e4 d5 2. Nf3 dxe4 3. Ng5 Nf6 4. d3 exd3 5. Bxd3 Nc6 6. b4 Nxb4 7. O-O Nxd3 8. Qxd3 Qxd3 9. cxd3 Bf5 10. d4 O-O-O 11. Be3 Bg6 12. Nc3 h6 13. Nf3 e6 14. Nb5 a6 15.
Na7+ Kb8 16. d5 exd5 17. Ne5 Bd6 18. Nec6+ bxc6 19. Nxc6+ Kc8 20. Nxd8 Rxd8 21. Rae1 Bd3 22. Bd4 Bxf1 23. Bxf6 gxf6 24. Rxf1 a5 25. Rd1 c6 26. Rc1 Kc7 27. g3 Re8 28. Rf1 Re2 29. Rb1 Rxa2 30. Re1 a4 31. Re8 a3 32. Ra8 Ra1+ 33. Kg2 a2 34. h4 Kb7 35. Ra4 c5 36. f4 d4 37.
Kf2 Kc6 38. Ke2 Kd5 39. Kd3 f5 40. Ra3 c4+ 0-1

[Event "Live Chess"]
[Site "Chess.com"]
[Date "2023.05.20"]
[Round "-"]
[White "RamsayFlayer"]
[Black "JoeyCage"]
[Result "0-1"]
[WhiteElo "1987"]
[BlackElo "2305"]
[TimeControl "300"]
[EndTime "14:30:52 PDT"]
[Termination "JoeyCage won - game abandoned"]

1. e4 c5 2. c3 Nf6 3. e5 Nd5 4.
d4 cxd4 5. cxd4 Nc6 6. Nc3 e6 7.
Nxd5 exd5 8. Nf3 d6 9. Bf4 dxe5 10. Nxe5 Bb4+ 11. Bd2 Qa5 12. Nxc6 bxc6 13. Bxb4 Qxb4+ 14. Qd2 Qb6 15. Qe3+ Be6 16. O-O-O O-O 17. Qb3 Qxb3 18. axb3 Rab8 19. Rd3 Rb4 20. Rc3 Rxd4 21. Rxc6 Rb8 22.
Ra6 Rdb4 23. Rxa7 Rxb3 24. Ra2 d4 0-1

[Event "Live Chess"]
[Site "Chess.com"]
[Date "2023.05.20"]
[Round "-"]
[White "nigelst"]
[Black "Wild_Tiger"]
[Result "1-0"]
[WhiteElo "1834"]
[BlackElo "1072"]
[TimeControl "300"]
[EndTime "14:31:00 PDT"]
[Termination "nigelst won by resignation"]

1. e4 e5 2. Nf3 Nc6 3. Bb5 Bb4 4. O-O a6 5. Bxc6 bxc6 6. Nxe5 Nf6 7. c3 Bd6 8. d4 Nxe4 9. Qf3 Nf6 10. Bg5 Be7 11.
Nd2 Bb7 12. Rfe1 d6 13. Nxc6 Bxc6 14. Qxc6+ Nd7 15. Rxe7+ Qxe7 16. Bxe7 Kxe7 17. Re1+ Kf6 18. Qxd7 Rab8 19. b3 Rhc8 20. g4 g6 21. Ne4+ Kg7 22.
Ng5 Rf8 23. Ne6+ Kg8 24. Nxf8 Rxf8 25. Re8 Rxe8 26. Qxe8+ Kg7 27. Qe7 d5 28. Qxc7 1-0

[Event "Live Chess"]
[Site "Chess.com"]
[Date "2023.05.20"]
[Round "-"]
[White "NatashaRegan"]
[Black "GMHarry-youtube"]
[Result "0-1"]
[WhiteElo "1741"]
[BlackElo "2039"]
[TimeControl "300"]
[EndTime "14:31:13 PDT"]
[Termination "GMHarry-youtube won by resignation"]

1. e4 c5 2. d4 cxd4 3. c3 dxc3 4. Nxc3 Nc6 5. Bc4 e6 6. Nf3 Bb4 7. O-O Nge7 8. Bg5 f6 9. Be3 O-O 10. Rc1 Bxc3 11. Rxc3 d5 12. exd5 exd5 13. Bb3 Kh8 14.
Bc5 Be6 15. Re1 Bf7 16. Rce3 Re8 17. Nh4 d4 18. Rxe7 Rxe7 19. Bxe7 Bxb3 20. Ng6+ hxg6 21.
Qxb3 Nxe7 22. Qxb7 Nf5 23. g3 Rb8 24. Qxa7 Rxb2 25.
a4 d3 26. Rd1 d2 27. a5 Rc2 28. a6 Rc1 0-1

[Event "Live Chess"]
[Site "Chess.com"]
[Date "2023.05.20"]
[Round "-"]
[White "WelshTiger"]
[Black "CheckThis4"]
[Result "1-0"]
[WhiteElo "2397"]
[BlackElo "2546"]
[TimeControl "300"]
[EndTime "14:31:14 PDT"]
[Termination "WelshTiger won by resignation"]

1. e4 g6 2. d4 Bg7 3. Nf3 c6 4.
Nc3 d5 5. h3 Nf6 6. e5 Ne4 7.
Bd3 Nxc3 8. bxc3 c5 9. O-O Nc6 10. Be3 c4 11. Be2 Qa5 12. Qd2 Bf5 13. a4 f6 14.
Rfb1 Qc7 15. exf6 exf6 16. Bf4 Qd7 17. Rb5 O-O 18. Rab1 b6 19. Qc1 Rfe8 20. Bf1 Rad8 21. Nd2 g5 22. Rxd5 Qxd5 23. Bxc4 Qxc4 24. Nxc4 gxf4 25.
Qxf4 Bxc2 26. Rc1 Bxa4 27. Nd6 Rf8 28. Nf5 Rd7 29. Re1 Bb3 30. Qg4 Kh8 31. Re3 Rc7 32. h4 Rg8 33. Qf4 Rf7 34. h5 Bf8 35. g3 a5 36. Nd6 Bxd6 37. Qxd6 Nd8 38. Qxb6 a4 39.
h6 Rgf8 40. Re1 Rb7 41. Qd6 Rbf7 42. Re7 Kg8 43. Rxf7 Kxf7 44. Qd7+ Kg6 45. Qg7+ 1-0

[Event "Live Chess"]
[Site "Chess.com"]
[Date "2023.05.20"]
[Round "-"]
[White "luckywookie"]
[Black "JanMur7"]
[Result "0-1"]
[WhiteElo "743"]
[BlackElo "1982"]
[TimeControl "300"]
[EndTime "14:31:39 PDT"]
[Termination "JanMur7 won by checkmate"]

1. e4 e5 2. c3 Nf6 3. Nf3 Nxe4 4. Nxe5 Qe7 5. d4 d6 6. Nf3 Nxc3+ 7. Be3 Nxd1 8. Kxd1 Bg4 9. Be2 Nc6 10. Nc3 O-O-O 11. Nd5 Qe6 12. Bc4 Qe4 13. Re1 Bxf3+ 14. gxf3 Qxf3+ 15.
Kd2 Na5 16. b3 Nxc4+ 17. bxc4 c6 18. Nc3 d5 19. c5 f5 20. Rab1 f4 21. Rb3 fxe3+ 22.
fxe3 g6 23. Reb1 Rd7 24. a4 Qf2+ 25. Ne2 Bh6 26. a5 Re8 27. a6 Bxe3+ 28. Rxe3 Qxe3+ 29. Kd1 Qxe2+ 30. Kc1 Re3 31. axb7+ Kb8 32. Rb2 Rc3+ 33. Rc2 Qxc2# 0-1

[Event "Live Chess"]
[Site "Chess.com"]
[Date "2023.05.20"]
[Round "-"]
[White "weibs440"]
[Black "JohanKjeldahl"]
[Result "0-1"]
[WhiteElo "943"]
[BlackElo "1852"]
[TimeControl "300"]
[EndTime "14:31:42 PDT"]
[Termination "JohanKjeldahl won by resignation"]

1. e4 c5 2. Nc3 e6 3. f4 Nc6 4. Nf3 a6 5. d3 b5 6. g3 Bb7 7.
Bg2 Nf6 8. O-O Be7 9. h3 O-O 10. Qe1 b4 11. Ne2 d5 12. e5 Ne8 13. g4 g6 14. f5 exf5 15. gxf5 gxf5 16. Qg3+ Kh8 17. Ng5 Bxg5 18. Bxg5 Qd7 19. Qh4 Rg8 20. Bf6+ Nxf6 21. Qxf6+ Rg7 22. Rxf5 Ne7 23. Rg5 Rg8 24. Rxg7 Rxg7 25.
Nf4 Qf5 26. Qxf5 Nxf5 27. Kh2 Ne3 28. Rg1 Nxc2 29. Nh5 Rg5 30. Bxd5 Rxg1 31. Bxb7 Rg5 32. Nf6 Rxe5 33. Be4 h6 34. Nd7 Rg5 35. h4 Rg4 36. Nxc5 Rxh4+ 37. Kg3 Rh5 38. Nxa6 Ra5 39. Nc5 Rxa2 40. b3 Kg7 41. Kg4 Nd4 42. Kf4 h5 0-1

[Event "Live Chess"]
[Site "Chess.com"]
[Date "2023.05.20"]
[Round "-"]
[White "JoshMcK"]
[Black "Ferrarifan27"]
[Result "0-1"]
[WhiteElo "1551"]
[BlackElo "2074"]
[TimeControl "300"]
[EndTime "14:32:08 PDT"]
[Termination "Ferrarifan27 won by resignation"]

1. e4 e5 2. Nf3 Nc6 3. Bb5 a6 4. Ba4 Nf6 5. O-O Be7 6. Re1 b5 7. Bb3 O-O 8. a4 Bb7 9. d3 h6 10. h3 Bc5 11. Nbd2 d6 12. Nf1 Qe7 13. Be3 Nd4 14.
Nxd4 Bxd4 15. Bxd4 exd4 16. Nd2 c5 17. axb5 axb5 18.
Nf3 Rxa1 19. Qxa1 Ra8 20. Qc1 Qc7 21. c4 b4 22. Qc2 Bc6 23. Qe2 Nd7 24. Qf1 Ne5 25.
Bc2 Ra2 26. Nxe5 dxe5 27. Rb1 Qe7 28. Qc1 Qg5 29. Qxg5 hxg5 30. Bb3 Ra7 31. Bd1 Kh7 32. Kh2 Kg6 33. Kg3 Bd7 34. Bg4 Bc6 35. Bf5+ Kf6 36.
Kg4 g6 37. h4 gxf5+ 38. exf5 gxh4 39. Kxh4 Bxg2 40. Kg4 Ra2 41. Kg3 Bc6 42. f4 Kxf5 43. fxe5 Kxe5 44. Kg4 f5+ 45. Kg3 f4+ 46. Kf2 f3 47.
Ke1 Kf4 48. Kf2 Ba4 49. Kf1 Bc2 50. Re1 Bxd3+ 51. Kg1 Rxb2 52. Rc1 f2+ 53. Kh1 f1=Q+ 54. Rxf1+ Bxf1 55. Kg1 Bxc4 0-1

[Event "Live Chess"]
[Site "Chess.com"]
[Date "2023.05.20"]
[Round "-"]
[White "defenderalist"]
[Black "ChessTWSS"]
[Result "1-0"]
[WhiteElo "1636"]
[BlackElo "1516"]
[TimeControl "300"]
[EndTime "14:32:12 PDT"]
[Termination "defenderalist won by resignation"]

1. e4 c5 2. Nf3 Nc6 3. d4 cxd4 4. Nxd4 e5 5. Nb5 a6 6. Nd6+ Bxd6 7. Qxd6 Qe7 8. Qxe7+ Ngxe7 9. c3 d5 10. exd5 Nxd5 11. Bc4 Be6 12. O-O Nxc3 13. Bxe6 Ne2+ 14. Kh1 fxe6 15.
Be3 Ncd4 16. Nc3 Nxc3 17. bxc3 Nc2 18. Rab1 Nxe3 19. fxe3 Rc8 20. Rxb7 Rxc3 21. Rb8+ Ke7 22. Rxh8 Rxe3 23. Rxh7 Kd6 24. Rxg7 Kd5 25. Rd7+ Ke4 26. Kg1 Re2 27. a4 Ke3 28. Rf3+ Ke4 29. Kf1 Ra2 30. Rh3 Kf4 31. Rf7+ Ke4 32. Rh4+ Ke3 33. Rf3+ Kd2 34. Rf2+ Kd3 35. Rxa2 e4 36. Rh3+ e3 37. Ra3+ Kc2 1-0

[Event "Live Chess"]
[Site "Chess.com"]
[Date "2023.05.20"]
[Round "-"]
[White "AttackingSnowLeopard"]
[Black "Singapourfeuj"]
[Result "1-0"]
[WhiteElo "2113"]
[BlackElo "2241"]
[TimeControl "300"]
[EndTime "14:33:06 PDT"]
[Termination "AttackingSnowLeopard won by checkmate"]

1. d4 Nf6 2. c4 g6 3. Nc3 Bg7 4. e4 d6 5. Be2 O-O 6. Be3 e5 7. d5 c6 8. h4 cxd5 9. cxd5 a5 10. h5 Na6 11. hxg6 fxg6 12. Nf3 Nc5 13. Bxc5 dxc5 14.
Qd2 Bd7 15. O-O-O b5 16. Bxb5 Bxb5 17. Nxb5 Nxe4 18. Qc2 Nd6 19. Nxd6 Qxd6 20. Kb1 a4 21. Ng5 a3 22. b3 e4 23. Ne6 Bh8 24. Rxh7 Kxh7 25. Rh1+ Kg8 26. Rxh8+ Kf7 27. Rh7+ Ke8 28.
Qe2 Qxd5 29. Qb5+ Qd7 30. Qxd7# 1-0

[Event "Live Chess"]
[Site "Chess.com"]
[Date "2023.05.20"]
[Round "-"]
[White "JoeyCage"]
[Black "Long1968"]
[Result "1-0"]
[WhiteElo "2305"]
[BlackElo "1175"]
[TimeControl "300"]
[EndTime "14:33:07 PDT"]
[Termination "JoeyCage won by resignation"]

1. e4 e6 2. d4 d5 3. Nc3 Bb4 4.
e5 c5 5. a3 cxd4 6. axb4 dxc3 7.
bxc3 Qc7 8. Qd4 Nc6 9. Bb5 Bd7 10. Bxc6 bxc6 11. Nf3 Ne7 12. Be3 Ng6 13. Rxa7 O-O 14. Rxc7 1-0

[Event "Live Chess"]
[Site "Chess.com"]
[Date "2023.05.20"]
[Round "-"]
[White "stevochess11"]
[Black "gregor1903"]
[Result "1-0"]
[WhiteElo "1770"]
[BlackElo "1561"]
[TimeControl "300"]
[EndTime "14:33:16 PDT"]
[Termination "stevochess11 won by resignation"]

1. d4 Nf6 2. Nf3 g6 3. Nc3 Bg7 4. e4 d6 5. Be3 O-O 6. Qd2 Nbd7 7. h3 e5 8. O-O-O a5 9. Bh6 c6 10. Ne2 Nxe4 11. Qe3 Bxh6 12. Qxh6 Nxf2 13. Ng5 Nf6 14. dxe5 dxe5 15. Rxd8 Rxd8 16. Nc3 Nxh1 17. Nce4 Rd6 18. Nxf6+ Rxf6 19. Qxh7+ Kf8 20. Qh8+ Ke7 21. Nh7 Re6 22. Qf8+ Kd7 23. Bc4 Re8 24. Qxf7+ Re7 25. Nf6+ Kd8 26.
Qf8+ 1-0

[Event "Live Chess"]
[Site "Chess.com"]
[Date "2023.05.20"]
[Round "-"]
[White "Tushinskiy"]
[Black "KeithArkell"]
[Result "0-1"]
[WhiteElo "2139"]
[BlackElo "2619"]
[TimeControl "300"]
[EndTime "14:33:21 PDT"]
[Termination "KeithArkell won by checkmate"]

1. d4 e6 2. c3 Nf6 3. Nf3 b6 4.
Bg5 Be7 5. Nbd2 Bb7 6. Qc2 d5 7. e3 Ne4 8. Bxe7 Qxe7 9. Nxe4 dxe4 10. Nd2 f5 11. Bc4 Nd7 12. a4 Nf6 13. b4 a6 14. Qb3 Bd5 15. O-O O-O 16. f3 b5 17.
axb5 axb5 18. Bxd5 exd5 19. fxe4 fxe4 20. h3 c6 21. Ra5 Nh5 22. Qa2 Rac8 23. Rxf8+ Rxf8 24. Ra8 Ng3 25. Rxf8+ Qxf8 26. Qa7 h6 27. Qc7 Ne2+ 28.
Kh2 Qf2 29. h4 Qxh4# 0-1

[Event "Live Chess"]
[Site "Chess.com"]
[Date "2023.05.20"]
[Round "-"]
[White "therealab0ne"]
[Black "Greenbecker"]
[Result "0-1"]
[WhiteElo "701"]
[BlackElo "1637"]
[TimeControl "300"]
[EndTime "14:33:23 PDT"]
[Termination "Greenbecker won by resignation"]

1. e4 e6 2. d4 d5 3. e5 c5 4. Nf3 Nc6 5. Bb5 Bd7 6. Bxc6 Bxc6 7. O-O cxd4 8. Nxd4 Rc8 9. Nxc6 Rxc6 10. h4 Qc7 11.
Nc3 Qxe5 12. Re1 Qc7 13. Nb5 Qd7 14. Nxa7 Ra6 15. Be3 Nf6 16. a4 Bd6 17. Nb5 O-O 18. Nxd6 Qxd6 19. Qf3 Rfa8 20. Qg3 Qxg3 21. fxg3 Rxa4 22.
Rxa4 Rxa4 23. Bc5 Ne4 24. Ba3 Nxg3 25. Kf2 Nf5 26. Ke2 Re4+ 27. Kd2 Rxe1 28. Kxe1 Nxh4 29. g3 Nf5 30. g4 Ne3 31. g5 Nxc2+ 0-1

[Event "Live Chess"]
[Site "Chess.com"]
[Date "2023.05.20"]
[Round "-"]
[White "JanMur7"]
[Black "JohanKjeldahl"]
[Result "1-0"]
[WhiteElo "1988"]
[BlackElo "1846"]
[TimeControl "300"]
[EndTime "14:33:23 PDT"]
[Termination "JanMur7 won by checkmate"]

1. e4 c5 2. Nf3 e6 3. c3 Nc6 4. d4 cxd4 5. cxd4 d5 6. exd5 Qxd5 7.
Nc3 Bb4 8. Bd2 Qa5 9. Bc4 Nf6 10. O-O O-O 11. a3 Bxc3 12. Bxc3 Qh5 13. Ne5 Qxd1 14. Raxd1 Nxe5 15. dxe5 Ne4 16. Bb4 Re8 17. Bb5 Rf8 18.
Bxf8 Kxf8 19. Rd8+ Ke7 20. Re8# 1-0

[Event "Live Chess"]
[Site "Chess.com"]
[Date "2023.05.20"]
[Round "-"]
[White "friarnator"]
[Black "SupremeTactician"]
[Result "0-1"]
[WhiteElo "1999"]
[BlackElo "2367"]
[TimeControl "300"]
[EndTime "14:33:34 PDT"]
[Termination "SupremeTactician won by resignation"]

1. e4 e5 2. Nf3 Nc6 3. Bb5 a6 4. Ba4 Nf6 5. O-O Nxe4 6. d4 Be7 7. d5 Nc5 8. dxc6 Nxa4 9. cxd7+ Bxd7 10. Nxe5 Be6 11. c3 Qxd1 12. Rxd1 O-O 13. b3 Nb6 14. Bf4 Rad8 15. Nd2 Nd5 16. Be3 Nxe3 17. fxe3 Bf6 18.
Ndf3 Bf5 19. Nd4 Bxe5 20. Nxf5 Bxc3 21. Rxd8 Rxd8 22. Rc1 Be5 23. Rc2 c6 24. Kf2 g6 25.
Nh4 f5 26. Nf3 Bf6 27. Nd2 Kf7 28. Nc4 Ke6 29. Kf3 g5 30. h3 h5 31. g4 fxg4+ 32. hxg4 h4 33. Nd2 Rd5 34. Ne4 Be7 35. Rh2 Rd1 36. Nc3 Rf1+ 37. Ke4 Rg1 38. Kf3 Rg3+ 39. Ke2 Bc5 40. Kd3 Rxe3+ 0-1

[Event "Live Chess"]
[Site "Chess.com"]
[Date "2023.05.20"]
[Round "-"]
[White "SavagePawn7"]
[Black "HoarseyHorsey"]
[Result "0-1"]
[WhiteElo "788"]
[BlackElo "1404"]
[TimeControl "300"]
[EndTime "14:33:54 PDT"]
[Termination "HoarseyHorsey won by resignation"]

1. e4 c5 2. d4 cxd4 3. c3 dxc3 4. Nxc3 Nc6 5. Nf3 d6 6. Bc4 Nf6 7. Bg5 e6 8. O-O Be7 9. Bxf6 Bxf6 10. Qe2 Ne5 11.
Nxe5 Bxe5 12. Rfd1 O-O 13. Rac1 a6 14. Qe3 Qf6 15. g3 b5 16. f4 Bxc3 17. bxc3 Rd8 18. Bb3 Bb7 19. e5 dxe5 20. fxe5 Qf3 21. Qxf3 Bxf3 22.
Rxd8+ Rxd8 23. Kf2 Bd5 24. Bxd5 Rxd5 25. a3 Rxe5 26.
c4 Rc5 27. Ke2 Rxc4 28. Kd2 Rxc1 29. Kxc1 Kf8 30. Kc2 Ke7 31. Kc3 Kd6 32. Kd4 f6 33. g4 g6 0-1

[Event "Live Chess"]
[Site "Chess.com"]
[Date "2023.05.20"]
[Round "-"]
[White "Hedgehog1963"]
[Black "Doge_Dandolo"]
[Result "0-1"]
[WhiteElo "1016"]
[BlackElo "2038"]
[TimeControl "300"]
[EndTime "14:34:13 PDT"]
[Termination "Doge_Dandolo won by resignation"]

1. d4 d5 2. Nf3 Nf6 3. Bf4 c5 4. e3 Qb6 5. Qc1 Bf5 6. c3 e6 7. Nbd2 Nc6 8. Nh4 Be4 9. f3 Bg6 10. Nxg6 hxg6 11. Bd3 Rc8 12. Qc2 cxd4 13. exd4 Nb4 14.
Qb1 Nxd3+ 15. Qxd3 Be7 16. O-O Bd6 17. Bg5 Bxh2+ 18. Kf2 Bd6 19. Rh1 Ke7 20. Nb3 Qc7 21. Ke2 Bf4 22. Bxf4 Qxf4 23. Nd2 Rh2 24. Rag1 Rch8 25.
Kd1 Rxh1 0-1

[Event "Live Chess"]
[Site "Chess.com"]
[Date "2023.05.20"]
[Round "-"]
[White "ViktorTheCoolBoy"]
[Black "omisoc"]
[Result "1-0"]
[WhiteElo "2513"]
[BlackElo "2145"]
[TimeControl "300"]
[EndTime "14:34:40 PDT"]
[Termination "ViktorTheCoolBoy won by resignation"]

1. d4 g6 2. Nf3 Bg7 3. e4 d6 4. Bd3 Nd7 5. O-O e5 6. c3 Ngf6 7. Re1 O-O 8. Nbd2 Re8 9. dxe5 dxe5 10. Nc4 b6 11. a4 a6 12. Qc2 Bb7 13. h3 Nc5 14. Ncxe5 Nxd3 15. Nxd3 Bxe4 16. Rd1 Qd5 17. Nfe1 Rad8 18. f3 Bf5 19. Bf4 Rxe1+ 20. Nxe1 Bxc2 21. Rxd5 Nxd5 22. Bg5 f6 23. Bd2 Bf5 24. g4 Bc8 25. c4 Ne7 26. Bc3 f5 27. Bxg7 Kxg7 28. a5 bxa5 29.
Rxa5 Kf6 30. Kf2 Rd2+ 31. Ke3 Rxb2 32. Nd3 Rb3 33. Kd2 Be6 34. Rxa6 Rb6 35. Ra4 Rc6 36. c5 fxg4 37. hxg4 h5 38. gxh5 gxh5 39. Ke3 Nf5+ 40. Kf4 Bb3 41. Ra8 Bc2 42. Ne5 Rxc5 43. Nd7+ 1-0

[Event "Live Chess"]
[Site "Chess.com"]
[Date "2023.05.20"]
[Round "-"]
[White "Nazar_777"]
[Black "Inglaterra"]
[Result "0-1"]
[WhiteElo "1606"]
[BlackElo "2033"]
[TimeControl "300"]
[EndTime "14:34:42 PDT"]
[Termination "Inglaterra won by checkmate"]

1. e3 e5 2. h4 Nf6 3. a3 d5 4. c4 Nc6 5. cxd5 Nxd5 6. Nc3 Be6 7. Nf3 Be7 8. Be2 O-O 9. Qc2 Qd7 10. Ng5 Bf5 11.
Bd3 Bxd3 12. Qxd3 Nf6 13. Qc2 Rad8 14. Nce4 Nxe4 15. Qxe4 g6 16. Qc2 Kg7 17. b4 f6 18. Ne4 Qg4 19. g3 Qf3 20. Rf1 f5 21.
Ng5 Bxg5 22. hxg5 Rfe8 23. Bb2 Nd4 24. Bxd4 exd4 25. Qxc7+ Kg8 26. Rd1 d3 27. Qc4+ Rd5 28.
Qxd5+ Qxd5 29. f4 Qg2 30. Rf2 Qxg3 31. Kf1 Rc8 32. Rg2 Qf3+ 33. Kg1 Qxd1+ 34. Kh2 Rc1 35. e4 Qh5+ 36. Kg3 Qg4+ 37. Kf2 Qxf4# 0-1

[Event "Live Chess"]
[Site "Chess.com"]
[Date "2023.05.20"]
[Round "-"]
[White "jk0110"]
[Black "CameronM1234"]
[Result "1-0"]
[WhiteElo "1110"]
[BlackElo "1119"]
[TimeControl "300"]
[EndTime "14:34:51 PDT"]
[Termination "jk0110 won by checkmate"]

1. e4 g6 2. d4 Bg7 3. Nf3 d6 4. Bd3 Nf6 5. e5 dxe5 6. dxe5 Ng4 7. h3 Nxe5 8. Nxe5 Bxe5 9. Bh6 Bxb2 10. Nd2 Bc3 11.
Rb1 b6 12. Rb3 Bd4 13. O-O Bb7 14. Nf3 Bf6 15. Bb5+ Nc6 16. Bxc6+ Bxc6 17. Rd3 Qc8 18. Nd4 Bxd4 19. Rxd4 Qb7 20. Qg4 f6 21. Re1 Kf7 22. Qe6+ Ke8 23. Qxe7# 1-0

[Event "Live Chess"]
[Site "Chess.com"]
[Date "2023.05.20"]
[Round "-"]
[White "scarletmojito"]
[Black "LiamBellwood"]
[Result "0-1"]
[WhiteElo "1870"]
[BlackElo "2069"]
[TimeControl "300"]
[EndTime "14:34:56 PDT"]
[Termination "LiamBellwood won by checkmate"]

1. e4 e6 2. d4 d5 3. Nc3 Nf6 4.
e5 Ng8 5. f4 c5 6. Nf3 Nc6 7.
Be3 Nh6 8. Qd2 Nf5 9. Bb5 Bd7 10.
O-O Qb6 11. a4 Nxe3 12. a5 Nxf1 13. Kxf1 Qc7 14. a6 b6 15. f5 cxd4 16. fxe6 fxe6 17.
Nxd5 exd5 18. e6 Bxe6 19. Nxd4 Bd7 20. Re1+ Be7 21. Qg5 O-O+ 22. Qf6 Rxf6+ 23. Kg1 Nxd4 24. Bxd7 Qxd7 25. Rxe7 Qxe7 26. h3 Qe1+ 27. Kh2 Nf3+ 28. gxf3 Rxf3 29. h4 Qg3+ 30. Kh1 Rf1# 0-1

[Event "Live Chess"]
[Site "Chess.com"]
[Date "2023.05.20"]
[Round "-"]
[White "GEMdzq"]
[Black "JoeRoot66"]
[Result "1-0"]
[WhiteElo "2243"]
[BlackElo "1904"]
[TimeControl "300"]
[EndTime "14:34:58 PDT"]
[Termination "GEMdzq won on time"]

1. e4 c6 2. d4 d5 3. e5 Bf5 4. h4 h5 5. c4 e6 6. Nc3 Ne7 7. Bg5 Qb6 8. Qd2 dxc4 9. Bxe7 Bxe7 10. Bxc4 Nd7 11. Nf3 Rd8 12. O-O Qa5 13. Bd3 Bxd3 14.
Qxd3 Nxe5 15. Qe4 Nxf3+ 16. Qxf3 Rxd4 17. g3 Rg4 18. Kh2 Qc7 19. Kh1 Bxh4 20. Ne4 f5 21.
Nc5 Kf7 22. Rae1 Re8 23. Nxe6 Rxe6 24. Qxf5+ Rf6 25. Qxh5+ Rgg6 26. gxh4 Qf4 27. Re3 Qxe3 28. Qxg6+ Kxg6 29. Rg1+ Kh6 30. fxe3 Rf2 31. Rg2 Rf3 32. Re2 Rh3+ 33. Kg2 Rxh4 34. e4 Kg5 35. e5 Rh8 36. Kf3 Kf5 37. Rg2 Rh3+ 38. Ke2 Rh7 39. Kd3 Kxe5 40. a4 Kd5 41. Rg5+ Kd6 42. a5 Rh3+ 43. Kd4 Rb3 44. Rg6+ Ke7 45. Rxg7+ Kf6 46.
Rc7 Rxb2 47. a6 Ke6 48. Rxb7 Ra2 49. Rxa7 Kd6 50. Ra8 c5+ 51. Kc4 Kc6 52. Kb3 Ra1 53. Kb2 Ra5 54. Kc3 Kb6 55. Kc4 Ra4+ 56. Kd5 Rd4+ 57.
Ke5 Ra4 58. Kd6 c4 59. Kd5 c3 60. Rc8 Ra3 61. a7 Kxa7 62. Kd4 Ka6 63. Kd3 Ka5 64. Kc2 Ka4 65. Ra8+ Kb4 66. Rb8+ 1-0

[Event "Live Chess"]
[Site "Chess.com"]
[Date "2023.05.20"]
[Round "-"]
[White "rideuv21"]
[Black "jimwad"]
[Result "1-0"]
[WhiteElo "1803"]
[BlackElo "1225"]
[TimeControl "300"]
[EndTime "14:34:58 PDT"]
[Termination "rideuv21 won by resignation"]

1. e4 e5 2. d4 exd4 3. Nf3 Nc6 4. Bc4 Bb4+ 5. c3 Bc5 6. cxd4 Bb4+ 7. Nc3 d6 8. O-O Nge7 9. Ng5 O-O 10. Qh5 h6 11. Nxf7 Rxf7 12. Qxf7+ Kh8 13. Bxh6 gxh6 14. Rad1 Bg4 15. Qf6+ Kh7 16. Rd3 Ng6 17. Qf7+ Kh8 18. Qxg6 1-0

[Event "Live Chess"]
[Site "Chess.com"]
[Date "2023.05.20"]
[Round "-"]
[White "Delacorta"]
[Black "wot-not"]
[Result "1-0"]
[WhiteElo "1415"]
[BlackElo "1511"]
[TimeControl "300"]
[EndTime "14:35:07 PDT"]
[Termination "Delacorta won by checkmate"]

1. d4 Nf6 2. Nf3 d6 3. e3 Bg4 4. Be2 Nbd7 5. h3 Bh5 6. Nc3 c5 7. d5 e5 8. e4 Be7 9. Bd2 Nf8 10. O-O Bxf3 11. Bxf3 Ng6 12. Qe2 O-O 13. Nb5 a6 14. Na3 h6 15. Nc4 Nh7 16. Ba5 Qe8 17. Nb6 Rb8 18.
Bg4 Nf4 19. Qd2 Bg5 20. Qe1 Nf6 21. Bf3 Qb5 22. g3 Nxh3+ 23. Kg2 Nh7 24. Kxh3 f5 25. exf5 Rxf5 26. Bg4 Rf7 27. Be6 Rf8 28. Nd7 Kh8 29. Nxf8 Rxf8 30. b3 Bf6 31. Kg2 e4 32. Bc3 Ng5 33.
Bxf6 Rxf6 34. Qe3 Qe8 35. Rae1 Qh5 36. Rh1 Qg6 37. Ref1 Nf3 38. Rh3 Ng5 39. Rhh1 Rf3 40. Qe2 Qf6 41. Bg4 Rc3 42. Qd2 Nf3 43. Bxf3 exf3+ 44.
Kg1 c4 45. Rh4 cxb3 46. axb3 Rc5 47. Rf4 Qe5 48. Re1 Qh5 49. Rf8+ Kh7 50. Qd3+ g6 51. Re7# 1-0

[Event "Live Chess"]
[Site "Chess.com"]
[Date "2023.05.20"]
[Round "-"]
[White "Stanbad1"]
[Black "diana21strabt"]
[Result "1-0"]
[WhiteElo "2393"]
[BlackElo "1697"]
[TimeControl "300"]
[EndTime "14:35:07 PDT"]
[Termination "Stanbad1 won by resignation"]

1. d4 Nf6 2. Nc3 g6 3. e4 d6 4. Be3 Nbd7 5. f3 e5 6. dxe5 dxe5 7. Qd2 Bg7 8. O-O-O c6 9. Bc4 Qc7 10. Nge2 b5 11. Bxb5 cxb5 12. Nxb5 Qc6 13. Nd6+ Ke7 14.
Qb4 Ke6 15. Qb3+ Ke7 16. Qxf7+ Kd8 17. Qxg7 Rg8 18. Qf7 Ba6 19. Nc3 Rf8 20. Qe6 Rb8 21.
Bg5 Qb6 22. Bxf6+ Rxf6 23. Qe8+ Kc7 24. Nd5+ Kc6 25. Qxd7+ Kxd7 26. Nxb6+ axb6 27. Nf7+ Ke6 28. Ng5+ Ke7 29. Nxh7 Rc6 30. Ng5 Rbc8 31. c3 b5 32. Kb1 b4 33. cxb4 Bc4 34. b3 Be2 35. Rc1 Bd3+ 36.
Kb2 Rxc1 37. Rxc1 Rxc1 38. Kxc1 Bf1 39. g3 Kf6 40. h4 Bd3 41. a4 Be2 42. b5 1-0